 Dungeon Crawl Stone Soup version 0.24-a0-446-g87df7205b4 (webtiles) character file.

Game seed: 5221983496408019268

16448 KristoblXynda the Cleaver (level 12, -3/106 HPs)
             Began as a Minotaur Berserker on June 23, 2019.
             Was a High Priest of Trog.
             Slain by a hog (6 damage)
             ... led by Kirke
             ... on level 13 of the Dungeon.
             The game lasted 00:21:13 (13312 turns).

KristoblXynda the Cleaver (Minotaur Berserker)     Turns: 13312, Time: 00:21:14

Health: -3/106     AC: 19    Str: 23    XL:     12   Next: 10%
Magic:  15/15      EV: 16    Int:  5    God:    Trog [*****.]
Gold:   604        SH:  7    Dex: 13    Spells: 11/11 levels left

rFire    . . .     SeeInvis .   u - +3 morningstar (protect)
rCold    . . .     Gourm    .   p - +2 buckler
rNeg     . . .     Faith    .   i - +0 chain mail
rPois    .         Spirit   .   (helmet restricted)
rElec    .         Reflect  .   t - +1 cloak
rCorr    .         Harm     .   I - +0 pair of gloves
MR       .....                  (no boots)
Stlth    ..........             (no amulet)
HPRegen  0.27/turn              x - +3 ring of evasion
MPRegen  0.14/turn              g - +3 ring of protection

@: silence (expiring), berserk cooldown, slowed, very slow
A: retaliatory headbutt, horns 2
a: Renounce Religion


You were on level 13 of the Dungeon.
You worshipped Trog.
Trog was extremely pleased with you.
You were not hungry.

You visited 3 branches of the dungeon, and saw 15 of its levels.

You collected 694 gold pieces.
You spent 90 gold pieces at shops.

Inventory:

Hand Weapons
 u - a +3 morningstar of protection (weapon)
 B - a +0 war axe
Missiles
 D - 2 throwing nets (quivered)
 F - 12 silver javelins
 G - 10 javelins
Armour
 i - a +0 chain mail (worn)
 p - a +2 buckler (worn)
 t - a +1 cloak (worn)
 I - a +0 pair of gloves (worn)
Jewellery
 g - a +3 ring of protection (right hand)
 h - a +3 ring of intelligence
 v - an uncursed ring of protection from magic
 x - a +3 ring of evasion (left hand)
 C - an uncursed amulet of rage
Wands
 a - a wand of paralysis (3)
 A - a wand of acid (9)
Scrolls
 b - a scroll of summoning {unknown}
 d - a scroll of immolation
 e - 2 scrolls of enchant armour
 f - 9 scrolls of remove curse
 k - a scroll of fog
 w - 2 scrolls of teleportation
 y - 3 scrolls of magic mapping
 E - a scroll of blinking {unknown}
Potions
 j - a potion of brilliance
 l - 2 potions of berserk rage
 n - a potion of magic
 o - 7 potions of flight
 q - 2 potions of mutation
 r - 6 potions of curing
 s - 6 potions of haste
 z - a potion of might {unknown}
Comestibles
 c - 15 rations
 J - 3 chunks of flesh


   Skills:
 - Level 10.1 Fighting
 + Level 11.5 Axes
 + Level 5.6 Throwing
 + Level 11.0 Armour
 + Level 10.0 Dodging
 - Level 4.4 Shields
 - Level 2.0 Unarmed Combat
 - Level 5.4 Evocations


You had 11 spell levels left.
You didn't know any spells.
Your spell library contained the following spells:

 Spells                   Type           Power        Failure   Level  Hunger
 Flame Tongue             Conj/Fire      #....        96%         1    ##.....
 Sandblast                Erth           #.....       96%         1    ##.....
 Passwall                 Tmut/Erth      #.......     99%         2    ###....
 Throw Flame              Conj/Fire      #.....       99%         2    ###....
 Conjure Flame            Conj/Fire      #.......     100%        3    ####...
 Inner Flame              Hex/Fire       #.......     100%        3    ####...
 Stone Arrow              Conj/Erth      #.....       100%        3    ####...
 Petrify                  Tmut/Erth      #.......     100%        4    #####..
 Sticky Flame             Conj/Fire      #.......     100%        4    #####..
 Fireball                 Conj/Fire      #.........   100%        5    ######.
 Lee's Rapid Deconstruct  Erth           #.........   100%        5    ######.


Dungeon Overview and Level Annotations

Branches:
Dungeon (12/15)            Temple (1/1) D:6            Lair (1/6) D:11
    Orc (0/2) D:10

Altars:
Ashenzari
Cheibriados
Dithmenos
Elyvilon
Fedhas
Gozag
Hepliaklqana
Kikubaaqudgha
Makhleb
Nemelex Xobeh
Okawaru
Qazlal
Ru
Sif Muna
Trog
Uskayaw
Vehumet
Wu Jian
Xom
Yredelemnul
Zin
The Shining One

Shops:
D:6 :   D:8 *

Annotations:
D:7 2 transporters, ivs's ghost, novice VSGl
D:13 Kirke; Rupert


Innate Abilities, Weirdness & Mutations

You reflexively headbutt those who attack you in melee.
You have a pair of horns on your head.


Message History

The harpy barely misses you. You furiously retaliate!
You headbutt the harpy. The harpy closely misses you. The harpy claws you!
* * * LOW HITPOINT WARNING * * *
You block the harpy's attack. The harpy closely misses you.
The harpy claws you but does no damage. The harpy completely misses you.
You block the harpy's attack. The hog closely misses you.
The hog bites you but does no damage. The harpy barely misses you.
You block the harpy's attack. The hog barely misses you.
You furiously retaliate!
You headbutt the hog!
The harpy claws you but does no damage. x2
You block the harpy's attack. The harpy misses you.
The harpy claws you but does no damage. x2; The harpy misses you.
The harpy claws you but does no damage. You block the hog's attack. x2
The harpy misses you. You block the harpy's attack.
The harpy closely misses you. The harpy claws you but does no damage.
The hog bites you but does no damage. x2
You block the hog's attack. The hog bites you!
* * * LOW HITPOINT WARNING * * *
The hog bites you.
You die...

.....$##.....
.%...........
######............
##.##.#............
#..##.#...........
#..hHH..........#
#.@hhh.t......#
####hHh.......#
#.........##
####h........#
.........<.#t..
...(..#....... .
.>.$...##.....=.)
...##..##...#....
... #.##.........


You could see 3 harpies, 7 hogs and a crocodile.

Vanquished Creatures
  Harold (D:7)
  A hydra (D:12)
  Urug (D:12)
  An unseen horror (D:10)
  Pikel (D:9)
  3 orc knights
  An orc sorcerer (D:8)
  A cyclops (D:12)
  2 centaur skeletons (D:10)
  A gargoyle (D:10)
  A komodo dragon (D:11)
  A freezing wraith (D:13)
  2 kobold demonologists (D:11)
  A troll (D:9)
  Prince Ribbit (D:7)
  4 slime creatures (D:12)
  A hippogriff (D:9)
  Eustachio (D:5)
  7 yaks
  A human (D:8)
  A wyvern (D:11)
  A hungry ghost (D:7)
  13 wargs (D:8)
  11 orc warriors
  4 sky beasts
  2 black bears
  An ice beast (D:10)
  A phantom (D:5)
  4 slaves (D:9)
  An eye of draining (D:9)
  9 ogres
  3 centaurs
  3 big kobolds
  2 crocodiles
  4 bullfrogs
  A wyvern skeleton (D:9)
  5 killer bees (D:10)
  5 howler monkeys
  A bullfrog zombie (D:6)
  A centaur zombie (D:5)
  4 crimson imps
  2 jellies
  2 quasits
  3 hounds
  7 orc priests
  Crazy Yiuf (D:3)
  3 iguanas
  Jessica (D:3)
  9 orc wizards
  Natasha (twice) (D:4)
  5 worker ants
  2 hound skeletons
  A worker ant zombie (D:6)
  4 adders
  2 shadow imps
  2 oozes (D:2)
  2 adder skeletons (D:9)
  3 worms (D:2)
  6 leopard geckos
  90 orcs
  4 bats (D:2)
  6 giant cockroaches
  10 goblins
  5 hobgoblins
  3 jackals (D:4)
  16 kobolds
  2 quokkas
  A ball python (D:4)
  5 frilled lizards
  A leopard gecko zombie (D:6)
  A quokka skeleton (D:4)
  4 rats
  A plant (D:3)
316 creatures vanquished.

Notes
Turn   | Place    | Note
-------+----------+-------------------------------------------
     0 | D:1      | KristoblXynda the Minotaur Berserker began the quest for
                  | the Orb.
     0 | D:1      | Reached XP level 1. HP: 19/19 MP: 0/0
   713 | D:2      | Reached XP level 2. HP: 27/27 MP: 1/1
   749 | D:2      | Found a stormy altar of Qazlal.
   900 | D:2      | Reached XP level 3. HP: 32/33 MP: 2/2
   968 | D:2      | Found a basalt altar of Yredelemnul.
  1298 | D:2      | Reached ** piety under Trog
  1759 | D:3      | Noticed Jessica
  1767 | D:3      | Killed Jessica
  1767 | D:3      | Reached XP level 4. HP: 39/40 MP: 3/3
  1904 | D:3      | Reached skill level 5 in Axes
  2015 | D:3      | Found a runed translucent door.
  2016 | D:3      | Noticed Crazy Yiuf
  2032 | D:3      | Killed Crazy Yiuf
  2032 | D:3      | Reached XP level 5. HP: 47/47 MP: 4/4
  2661 | D:4      | Noticed Natasha
  2672 | D:4      | Killed Natasha
  2672 | D:4      | Reached *** piety under Trog
  2706 | D:4      | Found a blossoming altar of Fedhas.
  2780 | D:4      | Found a shadowy altar of Dithmenos.
  2820 | D:4      | Found a shattered altar of Ashenzari.
  3179 | D:4      | Noticed Natasha
  3184 | D:4      | Killed Natasha
  3184 | D:4      | Reached skill level 5 in Fighting
  3184 | D:4      | Reached XP level 6. HP: 56/56 MP: 5/5
  3556 | D:5      | Entered Level 5 of the Dungeon
  3643 | D:5      | Noticed an orc warrior
  3651 | D:5      | Killed an orc warrior
  3651 | D:5      | Reached skill level 1 in Unarmed Combat
  4119 | D:5      | Reached skill level 1 in Throwing
  4119 | D:5      | Reached XP level 7. HP: 51/61 MP: 6/6
  4186 | D:5      | Reached skill level 5 in Armour
  4702 | D:6      | Found a hide-covered altar of Uskayaw.
  4702 | D:6      | Noticed Eustachio
  4733 | D:5      | Killed Eustachio
  4887 | D:6      | Reached skill level 5 in Dodging
  4890 | D:6      | Reached **** piety under Trog
  4890 | D:6      | Reached XP level 8. HP: 69/70 MP: 7/7
  4898 | D:6      | Found a sparkling altar of Nemelex Xobeh.
  5026 | D:6      | Found a sacrificial altar of Ru.
  5124 | D:6      | Found an ornate altar of the Wu Jian Council.
  5182 | D:6      | Found Usaputhru's Book Shoppe.
  5188 | D:6      | Found a staircase to the Ecumenical Temple.
  5202 | Temple   | Entered the Ecumenical Temple
  6250 | D:7      | Noticed Prince Ribbit
  6262 | D:7      | Killed Prince Ribbit
  6273 | D:7      | Reached XP level 9. HP: 44/79 MP: 8/8
  6739 | D:7      | Found a transporter.
  6741 | D:7      | Found a transporter.
  6741 | D:7      | Noticed ivs's ghost (novice VSGl)
  6749 | D:7      | Noticed Harold
  6763 | D:7      | Killed Harold
  6901 | D:7      | Found a radiant altar of Vehumet.
  7067 | D:8      | Reached skill level 5 in Throwing
  7343 | D:8      | Found a burning altar of Makhleb.
  7393 | D:8      | Found an opulent altar of Gozag.
  7395 | D:8      | Found Gozag's Platinum Reserve.
  7667 | D:8      | Reached skill level 1 in Evocations
  7667 | D:8      | Reached XP level 10. HP: 65/90 MP: 9/9
  8133 | D:8      | Noticed an orc knight
  8134 | D:8      | Noticed an orc knight
  8160 | D:8      | Killed an orc knight
  8165 | D:8      | Noticed an orc sorcerer
  8179 | D:8      | Killed an orc sorcerer
  8247 | D:8      | Killed an orc knight
  8422 | D:8      | Received a gift from Trog
  8457 | D:8      | Reached ***** piety under Trog
  9190 | D:9      | Found Zin's Purification Station.
  9193 | D:9      | Found a glowing silver altar of Zin.
  9198 | D:9      | Bought a potion of curing for 90 gold pieces
  9215 | D:9      | Reached skill level 10 in Axes
  9379 | D:9      | Noticed Pikel
  9411 | D:9      | Killed Pikel
  9541 | D:9      | Reached XP level 11. HP: 88/99 MP: 12/12
  9740 | D:9      | Found a deep blue altar of Sif Muna.
  9999 | D:10     | Entered Level 10 of the Dungeon
 10118 | D:10     | Killed an unseen horror
 10118 | D:10     | Reached skill level 1 in Shields
 10182 | D:10     | Reached skill level 10 in Fighting
 10752 | D:10     | Reached skill level 10 in Armour
 11100 | D:10     | Found a staircase to the Orcish Mines.
 11142 | D:10     | Received a gift from Trog
 11664 | D:11     | Found a shadowy altar of Dithmenos.
 12060 | D:11     | Reached skill level 5 in Evocations
 12061 | D:11     | Received a gift from Trog
 12095 | D:11     | Found a staircase to the Lair.
 12291 | D:12     | Noticed an orc knight
 12312 | D:11     | Killed an orc knight
 12657 | Lair:1   | Entered Level 1 of the Lair of Beasts
 13085 | D:12     | Noticed Urug
 13103 | D:12     | Killed Urug
 13103 | D:12     | Reached XP level 12. HP: 71/106 MP: 15/15
 13249 | D:12     | Noticed a six-headed hydra
 13254 | D:12     | Killed a six-headed hydra
 13254 | D:12     | Reached skill level 10 in Dodging
 13280 | D:12     | You fall into a shaft and drop 1 floor!
 13280 | D:13     | Noticed Rupert
 13283 | D:13     | Noticed a death knight
 13299 | D:13     | HP: 4/106 [Rupert/+2 great mace of distortion (4)]
 13302 | D:13     | Noticed Kirke
 13312 | D:13     | HP: 3/106 [hog[Kirke] (9)]
 13312 | D:13     | Slain by a hog

Levels and vault maps discovered:
D:1:      arrival_zaba_pyramid, layout_basic
D:2:      layout_basic, yredelemnul_altar_generic, lemuel_crystal_altar
D:3:      layout_rooms, first_ration, serial_forest,
          infiniplex_forest_clump_tiny, infiniplex_forest_straight_3,
          infiniplex_forest_clump_medium, infiniplex_forest_end_3,
          infiniplex_forest_straight_2, infiniplex_forest_end_double,
          infiniplex_forest_diagonal, grunt_decor_fettered,
          lexackson_kobold_supper, uniq_jessica, uniq_crazy_yiuf_cottage
D:4:      layout_basic, grunt_dithmenos_smoke, lemuel_doored_altar,
          kennysheep_little_box, uniq_natasha
D:5:      layout_basic
D:6:      layout_basic, eat_drink_and_be_merry_uskayaw,
          grunt_temple_overflow_open, minmay_temple_entry_stoned_glass,
          serial_shops, shop, lemuel_statue_altar, uniq_eustachio
D:7:      layout_cave_pools, vehumet_crystals, gammafunk_ghost_mausoleum,
          uniq_prince_ribbit1, uniq_harold
D:8:      lemuel_castle_with_subvaults [lemuel_castle_interior_original],
          layout_loops_ring, nicolae_gozag_zags_fifth_avenue, bloody_makhleb,
          grunt_pizzeria
D:9:      layout_cave_pods, zin_purify, overflow_temple_1_default, uniq_pikel
D:10:     layout_roguey, erik_orc_3
D:11:     layout_basic, lair_entry_dummy, minivault_27, lemuel_altar_in_water
D:12:     layout_roguey [special_room_orc], uniq_urug
D:13:     layout_cave_pools, enter_bailey_3, uniq_maurice, uniq_rupert,
          uniq_kirke
Temple:   compressed_dpeg_triangle_lava_temple
Lair:1:   layout_gridlike, ebering_ghost_disaster_area

Skill      XL: |  1  2  3  4  5  6  7  8  9 10 11 12 |
---------------+-------------------------------------+-----
Axes           | 4 5 6 7 9 10 11 | 11.5
Fighting       | 4 5 6 7 8 9 10 | 10.1
Armour         | 3 4 5 6 8 9 10 11 | 11.0
Dodging        | 3 4 5 6 7 8 9 10 | 10.0
Unarmed Combat | 1 2 |  2.0
Throwing       | 1 2 3 5 |  5.6
Evocations     | 1 3 5 |  5.4
Shields        | 4 |  4.4

Action                   |  1- 3 |  4- 6 |  7- 9 | 10-12 || total
-------------------------+-------+-------+-------+-------++-------
Melee: Hand axe          |    92 |   148 |   221 |   164 ||   625
       Headbutt          |    14 |    26 |    54 |   130 ||   224
       Punch             |       |     1 |     5 |     2 ||     8
       Morningstar       |       |       |    20 |    66 ||    86
       War axe           |       |       |       |   273 ||   273
       Battleaxe         |       |       |       |    30 ||    30
Invok: Berserk           |       |     3 |     6 |     8 ||    17
       Trog's Hand       |       |       |       |     2 ||     2
Evoke: Wand              |       |       |       |     6 ||     6
  Use: Scroll            |     5 |       |     7 |     8 ||    20
       Potion            |       |       |       |     3 ||     3
 Stab: Paralysed         |       |       |       |     4 ||     4
  Eat: Chunk             |     3 |    10 |     8 |    14 ||    35
       Ration            |       |       |     3 |     4 ||     7
Armor: Ring mail         |    23 |     3 |       |       ||    26
       Animal skin       |     1 |       |       |       ||     1
       Chain mail        |       |    68 |   170 |   244 ||   482
Dodge: Dodged            |    52 |    63 |   145 |   343 ||   603
Block: Buckler           |       |       |       |    99 ||    99

Table legend:
 A = Non-vault XP
 B = Vault XP
 C = Vault XP percentage of total XP
 D = Non-vault monster count
 E = Vault monster count
 F = Vault count percentage of total count
                 A         B        C        D         E       F
            +---------+---------+-------+---------+---------+-------
      Total |   13632 |    9866 |  42.0 |     198 |     113 |  36.3
            +---------+---------+-------+---------+---------+-------
        D:1 |      11 |       0 |   0.0 |       7 |       0 |   0.0
        D:2 |      77 |       0 |   0.0 |      26 |       0 |   0.0
        D:3 |      31 |      92 |  74.8 |      11 |      10 |  47.6
        D:4 |     170 |      35 |  17.1 |      14 |       1 |   6.7
        D:5 |     761 |     203 |  21.1 |      25 |       1 |   3.8
        D:6 |     482 |       0 |   0.0 |      14 |       0 |   0.0
        D:7 |    1175 |    1309 |  52.7 |      17 |       2 |  10.5
        D:8 |     188 |    4960 |  96.3 |       5 |      61 |  92.4
        D:9 |    1511 |     673 |  30.8 |      21 |       1 |   4.5
       D:10 |    3771 |     425 |  10.1 |      32 |      17 |  34.7
       D:11 |    2470 |     585 |  19.1 |      18 |       1 |   5.3
       D:12 |    2624 |    1584 |  37.6 |       7 |      19 |  73.1
       D:13 |     361 |       0 |   0.0 |       1 |       0 |   0.0
            +---------+---------+-------+---------+---------+-------
